← All builds
Geo sea / Legion / Economy first / OBSERVED BUILD

Standard geo sea

Baseline cove-side sea play: bot lab then shipyard in the cove around 3:06, first Syracusia by 5:04, geothermal on time around 7:42 and an Advanced Metal Extractor to build up eco, transitioning into more Syracusia and Argonaut over the…

Usually shipyard in the cove (95%) · geo on time (90%)

#naval #eco · 20 distinct matches · 10 players · 40% of Legion Geo sea games · team won 45% of 20 · Recently observed

HOW TO PLAY IT

Key timing: First Syracusia by 5:18

  1. Take 3 mex and open into wind while starting the bot lab.
  2. Rush the bot lab finish for early defense on the coast.
  3. Get the shipyard up to start frigate production.
  4. Push the first Syracusia frigate out for sea control.
  5. Layer geothermal and advanced mex, then keep feeding the Syracusia navy.

Phase by phase

TYPICAL OF ITS 20 GAMES · AGAINST STANDARD GEO SEA
  1. 1
  2. 2
  3. 3
  4. 4
PLAY THE OPENING

Follow the example game's first 6:00 step by step: what to build now, what comes next, and where it goes. At 1× it keeps pace with your own game.

  1. 1

    Up to the Legion Bot Lab

    Economy
    • Metal Extractor3Mex
    Order
    1. Legion Bot LabLegion Bot Lab after 3 mexdone ~1:07, middle half 1:04–1:13

    Some games also: wind (50%) · solar (45%) · wind for allies (30%)

    The standard build makes here, this one skips: 3 wind

    By 0:50 in all: 3 mex

    The example game in this phase · 3 steps
    1. Mex ×3
    2. Solar
    3. Legion Bot LabLegion Bot Labdone 0:57 · typical 1:07
  2. 2

    Legion Bot Lab to Shipyard

    Economy
    • Metal Extractor1Mex
    Order
    1. ShipyardShipyard after 4 mex, 4 wind, 1 solardone ~3:06, middle half 2:36–3:52
    Builders
    • Zagreus3 Zagreus
    • Legion Construction Bot3 Legion Construction Bot

    Some games also: wind (50%) · con turret (40%) · Goblin (35%) · energy storage (30%) · Toxotai (30%)

    The standard build makes here, this one skips: 3 wind · 2 Toxotai

    By 2:38 in all: 4 mex · 4 wind · 1 solar

    The example game in this phase · 7 steps
    1. ZagreusZagreus
    2. Wind ×2
    3. PharosPharos
    4. Legion Construction BotLegion Construction Bot ×2
    5. ZagreusZagreus
    6. Legion Construction BotLegion Construction Bot
    7. ShipyardShipyarddone 2:33 · typical 3:06
  3. 3

    Shipyard to 5:00

    Economy
    • Metal Extractor4Mex
    • Wind Turbine2Wind
    Builders
    • Construction Ship1 Con ship
    Army
    • Pharos1 Pharos
    • Argonaut2 Argonaut
    • Syracusia1 Syracusia

    Some games also: converter (50%) · con turret (45%) · Radar Tower (45%) · Legion Drone (40%) · Hippocampus (40%)

    The standard build makes here, this one skips: 2 converter · 2 Radar Tower

    By 5:00 in all: 8 mex · 4 wind (standard 9) · 1 solar · 1 energy storage · 1 con turret

    The example game in this phase · 12 steps
    1. ZagreusZagreus
    2. Legion Construction BotLegion Construction Bot
    3. Construction ShipCon ship
    4. ArgonautArgonaut
    5. Mex
    6. ArgonautArgonaut ×2
    7. SyracusiaSyracusiadone 5:04 · typical 5:06
    8. Mex
    9. Con turret
    10. Mex
    11. Energy storage
    12. Mex ×3
  4. 4

    5:00 to 10:00

    Economy
    • Metal Extractor1Mex−2 vs standard
    • Wind Turbine15Wind+4 vs standard
    • Energy Converter3Converter+3 vs standard
    • Energy Storage1Energy storage
    Order
    1. Geothermal PowerplantGeo after 9 mex, 10 wind, 3 converter
    Builders
    • Construction Turret2 Con turret
    • Dionysus1 Dionysus
    Army
    • Pharos1 Pharos −3 vs standard
    • Legion Drone10 Legion Drone

    Some games also: con ship (45%) · Stheno (30%) · Hippocampus (30%)

    The standard build makes here, this one skips: 2 Bramble

    By 10:00 in all: 9 mex · 19 wind · 1 solar · 1 geo · 5 converter · 1 energy storage

    The example game in this phase · 144 steps
    1. Legion DroneLegion Drone
    2. Converter
    3. IapetusIapetus
    4. Wind
    5. Converter
    6. Naval Radar / Sonar TowerNaval Radar / Sonar Tower
    7. DionysusDionysus
    8. Legion DroneLegion Drone
    9. Converter
    10. Wind
    11. Geothermal PowerplantGeodone 6:24 · typical 7:51
    12. ArgonautArgonaut
    13. Wind ×3
    14. ArgonautArgonaut
    15. Wind
    16. Energy storage
    17. SyracusiaSyracusia
    18. PharosPharos
    19. Converter
    20. Wind
    21. Mex
    22. Converter
    23. Radar TowerRadar Tower
    24. Con turret
    25. Converter
    26. Legion DroneLegion Drone
    27. SyracusiaSyracusia
    28. Mex
    29. Wind ×2
    30. Converter
    31. Legion DroneLegion Drone
    32. Wind ×2
    33. Legion DroneLegion Drone
    34. Wind
    35. Converter
    36. Wind
    37. Mex
    38. Legion DroneLegion Drone
    39. SyracusiaSyracusia
    40. Con turret
    41. Advanced Metal ExtractorT2 mexdone 8:57 · typical 9:11
    42. Converter
    43. Legion DroneLegion Drone
    44. Wind
    45. Legion DroneLegion Drone
    46. Converter
    47. Naval Radar / Sonar TowerNaval Radar / Sonar Tower
    48. Legion DroneLegion Drone
    49. Wind
    50. Construction ShipCon ship
    51. Wind
    52. Converter
    53. Legion DroneLegion Drone
    54. Construction ShipCon ship
    55. Legion DroneLegion Drone
    56. Wind
    57. Converter
    58. Offshore Seaplane PlatformOffshore Seaplane Platformdone 9:33
    59. Wind
    60. Advanced Metal ExtractorT2 mex
    61. Wind ×3
    62. Con turret
    63. Advanced Metal ExtractorT2 mex
    64. Legion DroneLegion Drone
    65. Energy storage
    66. Legion DroneLegion Drone
    67. Wind ×2
    68. Naval Radar / Sonar TowerNaval Radar / Sonar Tower
    69. Wind
    70. Legion DroneLegion Drone
    71. Wind
    72. PyrphorosPyrphoros
    73. Wind
    74. DionysusDionysus
    75. Wind
    76. PyrphorosPyrphoros
    77. Wind
    78. IapetusIapetus
    79. Wind
    80. PyrphorosPyrphoros
    81. DionysusDionysus
    82. Advanced Metal ExtractorT2 mex
    83. Wind
    84. PolybolosPolybolos
    85. PyrphorosPyrphoros
    86. IapetusIapetus
    87. Wind
    88. DionysusDionysus
    89. PyrphorosPyrphoros
    90. Wind
    91. IapetusIapetus
    92. PyrphorosPyrphoros
    93. Wind
    94. DionysusDionysus
    95. Legion DroneLegion Drone
    96. Wind
    97. PyrphorosPyrphoros
    98. Legion DroneLegion Drone
    99. Wind ×2
    100. Legion DroneLegion Drone
    101. Advanced Metal ExtractorT2 mex
    102. OkeanosOkeanos
    103. Wind
    104. Legion DroneLegion Drone
    105. PolybolosPolybolos
    106. Wind
    107. Legion DroneLegion Drone
    108. Wind
    109. OkeanosOkeanos
    110. Legion DroneLegion Drone
    111. Wind
    112. Legion DroneLegion Drone
    113. Wind
    114. Naval Construction Turret
    115. Wind
    116. Legion DroneLegion Drone
    117. Wind
    118. Naval Construction Turret
    119. Advanced Metal ExtractorT2 mex
    120. Advanced solar
    121. Naval Construction Turret
    122. Naval Radar / Sonar TowerNaval Radar / Sonar Tower
    123. Advanced ShipyardAdvanced Shipyarddone 13:00
    124. Advanced solar ×2
    125. Advanced Construction SubmarineAdvanced Construction Submarine
    126. Naval Radar / Sonar TowerNaval Radar / Sonar Tower
    127. Advanced Construction SubmarineAdvanced Construction Submarine
    128. Naval Construction Turret ×2
    129. Advanced Underwater Metal ExtractorAdvanced Underwater Metal Extractordone 14:12
    130. PrudePrudenot finished by 15:00
    131. DolusDolusdone 14:14
    132. UltorUltordone 14:35
    133. Construction ShipCon ship
    134. Advanced Underwater Metal ExtractorAdvanced Underwater Metal Extractor
    135. Construction ShipCon ship
    136. Naval Construction Turret
    137. Naval Radar / Sonar TowerNaval Radar / Sonar Tower
    138. Construction ShipCon ship
    139. Naval Construction Turret
    140. Construction ShipCon ship
    141. UltorUltor
    142. Construction ShipCon ship ×2
    143. Naval Construction Turret
    144. Construction ShipCon ship ×2

Counts are medians over the build's games: half of them build more, half fewer. The example game is KingBenjai's (44 OS, 30/08/2026); pick another.

Team trades

IN AT LEAST 30% OF ITS GAMES

You hand over

  • Wind Turbine2 Wind to Airfirst at 1:38 · in 60% of games

You get

  • Finch1 Finch from Airfirst at 1:47 · in 45% of games
  • Hercules1 Light transport from Airfirst at 2:10 · in 30% of games
  • Advanced Construction Bot1 T2 con bot from Techfirst at 7:32 · in 70% of games

How it plays out

Typical game of this build, running totals by minute

Metal produced

010k20k30k
0:005:0010:0015:00

metal

Enemy metal destroyed

05k10k
0:005:0010:0015:00

metal

Own metal lost

02k4k
0:005:0010:0015:00

metal

20 games.

Show as table
ByMetal produced: This buildEnemy metal destroyed: This buildOwn metal lost: This build
1:0039700
2:0092800
3:00162100
4:0028335251
5:00399518362
6:005325565124
7:006791603176
8:0082851412345
9:00102131702419
10:00122262348918
11:001452333851656
12:001734337762213
13:002005253902343
14:002349770313351
15:002767597993665
WHAT THE NUMBERS SAY

Standard geo sea sits near an even split on wins while destroying more metal than it loses by 15:00, typical for a contested sea role.

  • + Enemy metal destroyed reaches 7775 by 15:00 against 4863 lost.
  • + Syracusia dominates army composition at 43%, showing a clear naval focus.
  • − Team win rate is only 47%, essentially a coin flip.
  • − T2 factory only completes in 32% of games, so tech transition often stalls.
THE EXAMPLE YOU ARE READING

KingBenjai

44.3 OS · 30/08/2026

Open source match ↗

33 received units · includes a constructor
1074 metal received · 104600 energy received

Allied construction assistance is unknown. Timings are observations, not a promise of solo reproducibility.

Typical milestones

Legion Bot Lab1:07Middle 50%: 1:04–1:13 · n=20
Shipyard3:06Middle 50%: 2:36–3:52 · n=20
Syracusia5:06Middle 50%: 4:36–5:55 · n=20
Geothermal Powerplant7:51Middle 50%: 6:58–10:12 · n=20
Advanced Metal Extractor9:11Middle 50%: 8:42–9:28 · n=13

Played most by

KingBenjai8games of this buildHighlyRegarded2games of this buildPRO_Rerory2games of this buildRysica2games of this buildarmjanus1game of this build